 Dungeon Crawl Stone Soup version 0.29.1-2-gbd0b4ee654 (webtiles) character file.

Game seed: 9516250960717222115

54 qeuew the Shield-Bearer (level 3, -2/20 HPs)
             Began as a Vine Stalker Fighter on Nov 8, 2022.
             Splashed by a jelly's acid (8 damage)
             ... on level 2 of the Dungeon.
             The game lasted 00:01:32 (2065 turns).

qeuew the Shield-Bearer (Vine Stalker Fighter)      Turns: 2065, Time: 00:01:36

Health: -2/20      AC: -6    Str: 16 (18) XL:     3   Next: 91%
Magic:  0/5        EV:  9    Int:  7 (8)  God:
Gold:   102        SH:  4    Dex: 12 (15) Spells: 4/4 levels left

rFire   . . .      SeeInvis .   a - +0 war axe
rCold   . . .      Faith    .   c - +0 buckler
rNeg    . . .      Spirit   +   b - +0 scale mail
rPois   .          Reflect  .   (no helmet)
rElec   .          Harm     .   (no cloak)
rCorr   .          Rampage  .   (no gloves)
Will    +....                   l - +2 pair of boots
Stlth   ..........              (no amulet)
HPRegen 0.06/turn               (no ring)
MPRegen 0.09/turn               (no ring)

@: corroded
A: fangs 2, magic shield, antimagic bite, no potion heal 2, strong-willed 1,
sense surroundings 1
a: no special abilities


You were on level 2 of the Dungeon.
You visited 1 branch of the dungeon, and saw 2 of its levels.

You collected 102 gold pieces.

Inventory:

Hand Weapons
 a - a +0 war axe (weapon)
Armour
 b - a +0 scale mail (worn)
 c - a +0 buckler (worn)
 l - a +2 pair of boots (worn)
Wands
 e - a wand of flame (9)
Scrolls
 g - 3 scrolls of identify {unknown}
 h - 2 scrolls of enchant weapon {unknown}
 i - a scroll of fear {unknown}
Potions
 d - 2 potions of might
 f - 3 potions of curing
 j - a potion of heal wounds {unknown}


   Skills:
 + Level 3.0 Fighting
 + Level 2.2 Axes
 + Level 2.6 Armour
 + Level 0.9 Dodging
 + Level 3.0 Shields
 + Level 1.2 Spellcasting


You had 4 spell levels left.
You didn't know any spells.
Your spell library contained the following spells:

 Spells                   Type           Power      Damage    Failure   Level
 Blink                    Tloc           0%         N/A       96%         2
 Lesser Beckoning         Tloc           0%         N/A       99%         3
 Manifold Assault         Tloc           0%         N/A       100%        5


Dungeon Overview and Level Annotations

Branches:
Dungeon (2/15)

Altars:


Innate Abilities, Weirdness & Mutations

You have extremely sharp teeth.
When hurt, damage is shared between your health and your magic reserves.
Your bite disrupts and absorbs the magic of your enemies.
Potions cannot restore your health.
You are strong-willed. (Will+)
You passively map a small area around you.


Message History

Items here: ( )) ††.
Key pressed, stopping explore.
No target in view!
Key pressed, stopping explore.
No target in view!
j - a dark potion No target in view!
There is an open door here.
A kobold comes into view. It is wielding a +0 club.
The kobold shouts!
A kobold is nearby!
A kobold is nearby!
You slash the kobold!
You kill the kobold!
Things that are here:
a +0 club; a kobold corpse As you open the door, it creaks loudly!
A jelly and 2 endoplasms come into view.
The endoplasm quivers.
An endoplasm comes into view.
The endoplasm hits the fungus.
The fungus begins to die.
An endoplasm comes into view.
Found a hobgoblin skeleton.
You hit the endoplasm but do no damage. You block the endoplasm's attack.
You barely miss the endoplasm.
You bite the endoplasm, but do no damage.
You hit the jelly. The acid corrodes you!
Your hands burn!
The jelly is moderately wounded.
You block the jelly's attack.
You hit the jelly. The acid corrodes you!
Your hands burn!
You bite the jelly, but do no damage.
The jelly is severely wounded.
A nearby fungus withers and dies.
You block the jelly's attack.
You hit the jelly. The acid corrodes you!
Your hands burn!
You bite the jelly, but do no damage.
The jelly is severely wounded.
The jelly hits you.
You are splashed with acid!
The jelly hits you.
* * * LOW HITPOINT WARNING * * *
The acid corrodes you!
You are splashed with acid!
You die...

# ##....)## #<..#
#.#### #
#.(.....# #..##
#.#... ####
#.......# #..#
#.#... ...#
#.......#
#..#####.#...
...# #.......#
#..#.........
...# ####....#
#..#.###.#...
...# ##..'....#
#..#.#.......
...# #.########
#..#.#.....#.
...# ##..)..@#
#..#.###.#.#.
#### #######J#
#..#.......#. ,
J÷##..#####.###.
,
..##............
# ,
,..##.######.###.
### * ..##.# #.#
#. ..##### ,,
P.##.# #.####
......# ,
..##.######)##..
.####.###* *
#............


You could see a jelly and an endoplasm.

Vanquished Creatures
  2 adders (D:2)
  2 dart slugs
  An endoplasm (D:2)
  A goblin (D:1)
  4 hobgoblins
  A quokka (D:2)
  A ball python (D:1)
  3 bats
  14 kobolds
  7 rats
36 creatures vanquished.

Vanquished Creatures (others)
  2 fungi (D:2)
  8 toadstools (D:2)
10 creatures vanquished.

Grand Total: 46 creatures vanquished

Notes
Turn   | Place    | Note
-------+----------+-------------------------------------------
     0 | D:1      | qeuew the Vine Stalker Fighter began the quest for the Orb.
     0 | D:1      | Reached XP level 1. HP: 11/11 MP: 2/2
     7 | D:1      | Noticed a merfolk zombie
     8 | D:1      | Noticed a merfolk zombie
    10 | D:1      | Noticed a demonspawn zombie
    20 | D:1      | Noticed a merfolk zombie
   517 | D:1      | Reached XP level 2. HP: 14/16 MP: 1/3
   575 | D:1      | Found a faded altar of an unknown god.
   872 | D:1      | Gained mutation: You sometimes lose your temper in combat.
                  | [potion of mutation]
   872 | D:1      | Gained mutation: You have large cloven feet. [potion of
                  | mutation]
   872 | D:1      | Gained mutation: You are dopey. (Int -2) [potion of
                  | mutation]
   875 | D:1      | Lost mutation: You sometimes lose your temper in combat.
                  | [potion of mutation]
   875 | D:1      | Lost mutation: You have large cloven feet. [potion of
                  | mutation]
   875 | D:1      | Lost mutation: You are dopey. (Int -2) [potion of mutation]
   875 | D:1      | Gained mutation: You passively map a small area around you.
                  | [potion of mutation]
   875 | D:1      | Gained mutation: You are strong-willed. (Will+) [potion of
                  | mutation]
   944 | D:2      | Reached XP level 3. HP: 11/19 MP: 3/5
  1345 | D:2      | Reached skill level 1 in Spellcasting
  2065 | D:2      | Splashed by a jelly's acid

Illustrated notes

Levels and vault maps discovered:
D:1:      shiori_arrival_whats_in_store_for_you, layout_basic,
          ebering_ecumenical_altar_rust
D:2:      cheibrodos_fertilizer, layout_basic

Skill      XL: |  1  2  3 |
---------------+----------+-----
Axes           | 2 |  2.2
Spellcasting   | 1 |  1.2
Fighting       | 3 |  3.0
Shields        | 3 |  3.0
Armour         | |  2.6
Dodging        | |  0.9

Action                   || total
-------------------------++-------
Melee: War axe           ||    98
       Bite              ||    23
  Use: Potion            ||     7
       Scroll            ||     3
Armor: Scale mail        ||    58
Dodge: Dodged            ||    49
Block: Buckler           ||    30
